 Dungeon Crawl Stone Soup version 0.29-a0-416-g83a48905f1 (webtiles) character file.

Game seed: 15092707799728123841

1379 xian the Chucker (level 8, -1/44 HPs)
             Began as a Gargoyle Wanderer on May 16, 2022.
             Was a Believer of Qazlal.
             Slain by a killer bee (7 damage)
             ... on level 5 of the Dungeon.
             The game lasted 00:32:21 (4836 turns).

xian the Chucker (Gargoyle Wanderer)                Turns: 4836, Time: 00:32:21

Health: -1/44      AC:  2    Str: 13      XL:     8   Next: 66%
Magic:  0/11       EV: 13    Int: 16      God:    Qazlal [**....]
Gold:   176        SH:  3    Dex: 15 (17) Spells: 8/12 levels left

rFire   . . .      SeeInvis .   h - +2 spear (vorpal)
rCold   + + .      Faith    .   (no shield)
rNeg    + . .      Spirit   +   f - +0 robe
rPois   ∞          Reflect  .   p - +0 helmet of Least Resistance {*Corrode rC++}
rElec   +          Harm     .   (no cloak)
rCorr   .          Rampage  .   o - +1 pair of gloves
Will    .....                   (no boots)
Stlth   ++........              l - amulet of guardian spirit
HPRegen 0.14/turn               y - +6 ring of dexterity
MPRegen 0.12/turn               (no ring)

@: corroded
A: sickness immunity, AC +5, negative energy resistance 1, electricity
resistance, torment resistance 1, petrification resistance
a: Renounce Religion, Upheaval


You were on level 5 of the Dungeon.
You worshipped Qazlal.
Qazlal was pleased with you.
You visited 1 branch of the dungeon, and saw 5 of its levels.

You collected 176 gold pieces.

Inventory:

Hand Weapons
 h - a +2 vorpal spear (weapon)
 v - a +1 flail of holy wrath
Armour
 f - a +0 robe (worn)
 o - a +1 pair of gloves (worn)
 p - the +0 helmet of Least Resistance (worn) {*Corrode rC++}
   (You found it on level 2 of the Dungeon)

   rC:        It greatly protects you from cold.
   *Corrode:  It may corrode you when you take damage.
Magical Staves
 k - a staff of air
Jewellery
 l - an amulet of guardian spirit (around neck)
 y - a +6 ring of dexterity (left hand)
Wands
 q - a wand of iceblast (1)
Scrolls
 a - a scroll of vulnerability {unknown}
 e - 2 scrolls of blinking {unknown}
 g - 2 scrolls of teleportation
 i - 2 scrolls of enchant armour {unknown}
 n - a scroll of silence {unknown}
 s - 2 scrolls of identify {unknown}
Potions
 b - 2 potions of curing {unknown}
 c - a potion of berserk rage
 d - 2 potions of haste
 j - a potion of attraction
 t - a potion of degeneration {unknown}
 u - a potion of might {unknown}
 w - a potion of resistance {unknown}
 x - a potion of flight {unknown}
 A - a potion of ambrosia {unknown}


   Skills:
 + Level 2.1 Fighting
 + Level 3.7 Polearms
 + Level 5.7 Throwing
 + Level 3.2 Dodging
 + Level 2.3 Stealth
 + Level 1.6 Shields
 + Level 5.1 Unarmed Combat
 + Level 2.5 Spellcasting
 + Level 3.4 Conjurations
 + Level 1.1 Air Magic


You had 8 spell levels left.
You knew the following spells:

 Your Spells              Type           Power      Damage    Failure   Level
a - Shock                 Conj/Air       36%        1d5       8%          1
b - Stone Arrow           Conj/Erth      14%        3d7       28%         3

Your spell library contained the following spells:

 Spells                   Type           Power      Damage    Failure   Level
 Call Canine Familiar     Summ           2%         N/A       52%         3
 Portal Projectile        Hex/Tloc       4%         N/A       52%         3
 Leda's Liquefaction      Hex/Erth       1%         N/A       89%         4


Dungeon Overview and Level Annotations

Branches:
Dungeon (5/15)
 Temple: D:4-7

Altars:
Ashenzari
Fedhas
Gozag
Qazlal
Trog
Yredelemnul


Innate Abilities, Weirdness & Mutations

You are immune to sickness and miasma.
Your stone body is resilient. (AC +5)
You are immune to poison.
You resist negative energy. (rN+)
You are resistant to electric shocks. (rElec)
You are resistant to unholy torment.
You are immune to petrification.


Message History

Casting: Shock (safe; 8% risk of failure)
Confirm with . or Enter, or press ? or * to list all spells.
Aiming: Shock (safe; 8% risk of failure)
Press: ? - help, Shift-Dir - straight line, f/p - howler monkey
Aim: a howler monkey (moderately wounded, catching its breath, 64% to hit)
The zap misses the howler monkey.
You block the hound's attack.
The howler monkey completely misses you.
The hound completely misses you. The hound attacks as you move away!
The hound bites you.
Found an inky potion.
A killer bee comes into view.
The howler monkey closely misses you. The hound attacks as you move away!
The hound completely misses you.
An iguana comes into view.
Your surroundings suddenly seem different.
A killer bee comes into view.
Found 5 poisoned darts and a red potion.
You hear an angry hiss.
You hear an angry buzzing noise.
A killer bee comes into view.
The iguana moves out of view.
The killer bee moves out of view.
An iguana comes into view.
The killer bee barely misses you. The killer bee stings you.
Casting: Shock (safe; 8% risk of failure)
Confirm with . or Enter, or press ? or * to list all spells.
Okay, then.
The iguana attacks as you move away! The iguana barely misses you.
The killer bee stings you.
* * * LOW HITPOINT WARNING * * *
Unknown command.
Casting: Shock (safe; 8% risk of failure)
Confirm with . or Enter, or press ? or * to list all spells.
You don't have enough magic to cast this spell.
Casting: Shock (safe; 8% risk of failure)
Confirm with . or Enter, or press ? or * to list all spells.
Okay, then.
You miss the killer bee. The killer bee misses you. The killer bee stings you.
* * * LOW HITPOINT WARNING * * *
The killer bee stings you.
* * * LOW HITPOINT WARNING * * *
The killer bee stings you!
You die...

... ...## #..
....#. !.##
(..... ##
#..##...... ...
##..........
....#...........
................
......○@.#
......yy##
.......l.......
...............
...............
..............#
..............#
........#......
..........#.##...


You could see an iguana and 2 killer bees.

Vanquished Creatures
  The ghost of purpskrrrp the Gusty, an amateur GnWn (D:3)
  The ghost of xian the Conjurer, an amateur TeCj (D:4)
  Sigmund (D:2)
  Menkaure (D:4)
  Edmund (D:4)
  An ogre (D:4)
  A necrophage (D:4)
  4 quasits (D:4)
  A hound (D:4)
  A jelly (D:5)
  An orc priest (D:4)
  Crazy Yiuf (D:3)
  Jessica (D:3)
  Terence (D:3)
  Natasha (thrice) (D:4)
  4 adders
  4 worms
  3 dart slugs
  9 orcs
  5 ball pythons
  8 endoplasms
  3 giant cockroaches
  8 goblins
  4 hobgoblins (D:1)
  4 quokkas
  5 bats
  5 frilled lizards
  4 kobolds
  8 rats
94 creatures vanquished.

Notes
Turn   | Place    | Note
-------+----------+-------------------------------------------
     0 | D:1      | xian the Gargoyle Wanderer began the quest for the Orb.
     0 | D:1      | xian set off with the following items: a +0 dagger, a
                  | scroll of fear, 6 boomerangs, a potion of haste, a potion
                  | of berserk rage, a +0 robe; and the following spell
                  | memorised: Shock; and the following spells available to
                  | memorise: Stone Arrow
     0 | D:1      | Reached XP level 1. HP: 10/10 MP: 2/2
   569 | D:1      | Reached XP level 2. HP: 15/15 MP: 3/3
  1066 | D:1      | Reached XP level 3. HP: 19/19 MP: 5/5
  1070 | D:1      | Learned a level 3 spell: Stone Arrow
  1646 | D:2      | Reached XP level 4. HP: 22/24 MP: 0/6
  1787 | D:2      | Found a faded altar of an unknown god.
  1793 | D:2      | Prayed at the altar of an unknown god.
  1793 | D:2      | Became a worshipper of Qazlal Stormbringer
  1793 | D:2      | Reached * piety under Qazlal
  1889 | D:2      | Identified the +0 helmet of Least Resistance {*Corrode
                  | rC++}
  1930 | D:2      | Found a blossoming altar of Fedhas.
  1934 | D:2      | Noticed Sigmund
  1975 | D:2      | Killed Sigmund
  1976 | D:2      | Reached skill level 1 in Polearms
  1976 | D:2      | Reached skill level 1 in Dodging
  1976 | D:2      | Reached XP level 5. HP: 28/28 MP: 1/7
  1976 | D:2      | Reached XP level 6. HP: 33/33 MP: 1/8
  2052 | D:3      | Found a transporter.
  2062 | D:3      | Noticed purpskrrrp's ghost (amateur GnWn)
  2066 | D:3      | Found a transporter.
  2167 | D:3      | Killed purpskrrrp's ghost
  2168 | D:3      | Reached skill level 1 in Fighting
  2168 | D:3      | Reached XP level 7. HP: 27/38 MP: 3/10
  2481 | D:3      | Noticed Terence
  2495 | D:3      | Killed Terence
  2520 | D:3      | Found a runed translucent door.
  2521 | D:3      | Noticed Crazy Yiuf
  2899 | D:3      | Reached ** piety under Qazlal
  2946 | D:3      | Noticed Jessica
  2950 | D:3      | Killed Jessica
  3004 | D:3      | Found a bloodstained altar of Trog.
  3222 | D:3      | Killed Crazy Yiuf
  3625 | D:4      | Noticed Menkaure
  3637 | D:4      | Killed Menkaure
  3768 | D:4      | Noticed Edmund
  3787 | D:4      | Killed Edmund
  3788 | D:4      | Reached skill level 5 in Throwing
  3788 | D:4      | Reached XP level 8. HP: 34/44 MP: 7/11
  3918 | D:4      | Noticed Natasha
  3927 | D:4      | Killed Natasha
  4078 | D:4      | Noticed Natasha
  4089 | D:4      | Killed Natasha
  4134 | D:4      | Found a transporter.
  4160 | D:4      | Found a transporter.
  4160 | D:4      | Noticed xian's ghost (amateur TeCj)
  4165 | D:4      | Noticed Natasha
  4174 | D:4      | Killed Natasha
  4241 | D:4      | Reached skill level 1 in Shields
  4241 | D:4      | Killed xian's ghost
  4242 | D:4      | Reached skill level 1 in Air Magic
  4705 | D:4      | Found a faded altar of an unknown god.
  4705 | D:4      | Found a basalt altar of Yredelemnul.
  4713 | D:4      | Found a faded altar of an unknown god.
  4715 | D:4      | Found a broken altar of Ashenzari.
  4717 | D:4      | Found an opulent altar of Gozag.
  4812 | D:5      | Entered Level 5 of the Dungeon
  4836 | D:5      | Slain by a killer bee

Illustrated notes

Levels and vault maps discovered:
D:1:      elethiomel_arrival_shortcut, layout_loops_ring,
          minmay_misc_feat_doors, chequers_avenue
D:2:      layout_rooms, dreamdust_ecumenical_altar_angels_and_demons,
          basic_altar, uniq_sigmund
D:3:      kennysheep_six_static_rooms, layout_loops_ring,
          mainiacjoe_overflow_surrounded_room, gammafunk_ghost_arena,
          uniq_crazy_yiuf_cottage, uniq_terence, uniq_jessica
D:4:      minmay_spotlight, layout_cave_pools,
          chequers_temple_overflow_minitemple, gammafunk_ghost_stat_death,
          uniq_natasha, uniq_menkaure, uniq_edmund
D:5:      layout_cave_pools, guppyfry_early_lair_pool

Skill      XL: |  1  2  3  4  5  6  7  8 |
---------------+-------------------------+-----
Throwing       | 2 3 4 5 |  5.7
Polearms       | 1 2 3 |  3.7
Dodging        | 1 2 3 |  3.2
Fighting       | 1 2 |  2.1
Spellcasting   | 2 |  2.5
Conjurations   | 3 |  3.4
Stealth        | 2 |  2.3
Shields        | 1 |  1.6
Air Magic      | 1 |  1.1
Unarmed Combat | |  5.1

Action                   |  1- 3 |  4- 6 |  7- 9 || total
-------------------------+-------+-------+-------++-------
Melee: Dagger            |     4 |       |       ||     4
       Spear             |    33 |    26 |   127 ||   186
       Punch             |     1 |     1 |     2 ||     4
Throw: Boomerang         |    66 |    14 |     5 ||    85
       Javelin           |       |       |    27 ||    27
       Dart              |       |       |    45 ||    45
 Cast: Shock             |    15 |    11 |    24 ||    50
  Use: Potion            |       |     4 |     1 ||     5
       Scroll            |       |     1 |     1 ||     2
Armor: Robe              |    20 |     7 |   140 ||   167
Dodge: Dodged            |    26 |    19 |   193 ||   238
Block: Other             |       |     1 |    29 ||    30

Table legend: (Time is in decaauts)
 A = Elapsed time spent in this place.
 B = Non-inter-level travel time spent in this place.
 C = Inter-level travel time spent in this place.
 D = Time resting spent in this place.
 E = Time spent auto-exploring this place.
 F = Levels seen in this place.
 G = Mean time per level.
                   A        B        C        D        E       F      G
               +--------+--------+--------+--------+--------+-----+--------+
         Total |   4868 |   4723 |    145 |    391 |   2892 |   5 |  973.6 |
       Dungeon |   4868 |   4723 |    145 |    391 |   2892 |   5 |  973.6 |
               +--------+--------+--------+--------+--------+-----+--------+

Top non-repeatable levels by time:
     D:3: 1493 daAuts
     D:1: 1472 daAuts
     D:4: 1283 daAuts
     D:2: 596 daAuts
     D:5: 22 daAuts
